 Dungeon Crawl Stone Soup version 0.28.0 (webtiles) character file.

Game seed: 13953528541188277239

510 Ablot the Grasshopper (level 7, -5/56 HPs)
             Began as a Gnoll Warper on Feb 17, 2022.
             Slain by a gnoll (12 damage)
             ... on level 4 of the Dungeon.
             The game lasted 00:07:53 (5336 turns).

Ablot the Grasshopper (Gnoll Warper)                Turns: 5336, Time: 00:07:53

Health: -5/56      AC:  4    Str: 13    XL:     7   Next: 19%
Magic:  15/15      EV: 13    Int: 12    God:
Gold:   204        SH:  5    Dex: 11    Spells: 15/17 levels left

rFire   + . .      SeeInvis .   a - +0 spear
rCold   x . .      Faith    .   (no shield)
rNeg    . . .      Spirit   .   b - +0 leather armour
rPois   .          Reflect  +   (no helmet)
rElec   .          Harm     .   i - scarf {repulsion}
rCorr   .          Rampage  .   n - +0 pair of gloves
Will    .....                   (no boots)
Stlth   ++........              f - amulet of reflection
HPRegen 0.18/turn               v - ring of fire
MPRegen 0.14/turn               (no ring)

@: repel missiles
A: fangs 1, strong nose, distributed training
a: no special abilities


You were on level 4 of the Dungeon.
You visited 1 branch of the dungeon, and saw 5 of its levels.

You collected 204 gold pieces.

Inventory:

Hand Weapons
 a - a +0 spear (weapon)
Missiles
 d - 5 boomerangs of dispersal (quivered)
 h - 153 stones
 k - 19 bolts
 p - 40 arrows
 r - 2 throwing nets
 w - 2 poisoned darts
Armour
 b - a +0 leather armour (worn)
 i - a scarf of repulsion (worn)
 n - a +0 pair of gloves (worn)
 x - a +1 hat
Jewellery
 f - an amulet of reflection (around neck)
 v - a ring of fire (left hand)
Wands
 j - a wand of flame (21)
 q - a wand of iceblast (11)
Scrolls
 c - 2 scrolls of blinking
 e - 6 scrolls of identify {unknown}
 m - 2 scrolls of teleportation {unknown}
 o - a scroll of enchant weapon {unknown}
 t - 2 scrolls of torment {unknown}
 u - 2 scrolls of vulnerability {unknown}
Potions
 g - 3 potions of curing
 l - a potion of heal wounds {unknown}
 s - a potion of mutation {unknown}


   Skills:
 + Level 5.1 Fighting
 + Level 2.3 Short Blades
 + Level 2.3 Long Blades
 + Level 2.3 Axes
 + Level 2.3 Maces & Flails
 + Level 5.1 Polearms
 + Level 2.3 Staves
 + Level 2.3 Slings
 + Level 2.3 Bows
 + Level 2.3 Crossbows
 + Level 3.5 Throwing
 + Level 3.5 Armour
 + Level 5.1 Dodging
 + Level 2.3 Stealth
 + Level 2.3 Shields
 + Level 2.3 Unarmed Combat
 + Level 5.5 Spellcasting
 + Level 1.9 Conjurations
 + Level 1.9 Hexes
 + Level 1.9 Summonings
 + Level 1.9 Necromancy
 + Level 5.8 Translocations
 + Level 1.9 Transmutations
 + Level 1.9 Fire Magic
 + Level 1.9 Ice Magic
 + Level 1.9 Air Magic
 + Level 1.9 Earth Magic
 + Level 1.9 Poison Magic
 + Level 2.5 Invocations
 + Level 2.3 Evocations


You had 15 spell levels left.
You knew the following spells:

 Your Spells              Type           Power      Damage    Failure   Level
a - Blink                 Tloc           34%        N/A       3%          2

Your spell library contained the following spells:

 Spells                   Type           Power      Damage    Failure   Level
 Gell's Gravitas          Tloc           17%        N/A       6%          3
 Lesser Beckoning         Tloc           17%        N/A       6%          3
 Teleport Other           Tloc           17%        N/A       6%          3
 Manifold Assault         Tloc           17%        N/A       52%         5


Dungeon Overview and Level Annotations

Branches:
Dungeon (5/15)
 Temple: D:4-7

Altars:
Xom

Annotations:
D:4 Edmund


Innate Abilities, Weirdness & Mutations

You have very sharp teeth.
Your uncanny sense of smell can sniff out nearby items.
Your experience applies equally to all skills.


Message History

The gnoll hits you with a +0 flail. The sky beast hits you.
The sky beast shocks you. You block the sky beast's attack.
There is a stone staircase leading up here.
The gnoll misses you.
You climb upwards.
Level annotation: Edmund
There is a stone staircase leading down here.
Unknown command.
You are too injured to fight recklessly!
You barely miss the gnoll. Your bite misses the gnoll.
The gnoll is heavily wounded.
The gnoll closely misses you.
You barely miss the gnoll.
The gnoll is heavily wounded.
The gnoll barely misses you.
You closely miss the gnoll.
The gnoll is moderately wounded.
You block the gnoll's attack.
You hit the gnoll.
The gnoll is severely wounded.
You hit the gnoll but do no damage.
The gnoll is severely wounded.
The gnoll closely misses you.
You closely miss the gnoll.
The gnoll is severely wounded.
The gnoll hits you with a +0 flail!
* * * LOW HITPOINT WARNING * * *
You barely miss the gnoll.
The gnoll is severely wounded.
You block the gnoll's attack.
You hit the gnoll but do no damage. Your punch misses the gnoll.
You bite the gnoll, but do no damage.
The gnoll is severely wounded.
The gnoll hits you with a +0 flail!
* * * LOW HITPOINT WARNING * * *
You hit the gnoll. You bite the gnoll, but do no damage.
The gnoll is almost dead.
The gnoll hits you with a +0 flail!
You die...

.#.##.# #.######## ##.#
##.##.# #.# #..# ##.##.#
#.# #.## ...##.# #.# #.#
......####.##### #.#
#..............## #)#
#.########......# ###.#
#.#
#..###g###########...#
#.# #..#
#.@.............# #.##
#..###.###########...###
...# #......#####
#......... #..#
###.#........#
#.......). <..#
#...#...####.#
#......... ...#
#.#####.# #.# ##.#....##
#### #...#...#
#.#####.#.....# #
###.#.#.#
#...........#.# #
#...#.# #######.#..#..#


You could see a gnoll.

Vanquished Creatures
  A black bear (D:4)
  A necrophage (D:3)
  An ogre (D:4)
  A bullfrog skeleton (D:4)
  An iguana (D:4)
  An orc wizard (D:3)
  6 gnolls
  5 adders
  2 worms
  A dart slug (D:3)
  2 orcs (D:3)
  A bat (D:2)
  4 endoplasms
  2 giant cockroaches (D:2)
  8 goblins
  4 hobgoblins
  7 jackals
  3 quokkas
  6 ball pythons
  2 frilled lizards
  6 kobolds
  A quokka skeleton (D:3)
  4 rats
70 creatures vanquished.

Notes
Turn   | Place    | Note
-------+----------+-------------------------------------------
     0 | D:1      | Ablot the Gnoll Warper began the quest for the Orb.
     0 | D:1      | Reached XP level 1. HP: 20/20 MP: 6/6
   436 | D:1      | Reached XP level 2. HP: 26/26 MP: 7/7
   439 | D:1      | Learned a level 2 spell: Blink
  1054 | D:2      | Reached XP level 3. HP: 31/31 MP: 9/9
  1093 | D:2      | Reached skill level 5 in Spellcasting
  1133 | D:2      | Reached skill level 1 in Invocations
  1749 | D:3      | Found a shimmering altar of Xom.
  1803 | D:3      | Reached skill level 1 in Short Blades
  1803 | D:3      | Reached skill level 1 in Long Blades
  1803 | D:3      | Reached skill level 1 in Axes
  1803 | D:3      | Reached skill level 1 in Maces & Flails
  1803 | D:3      | Reached skill level 1 in Staves
  1803 | D:3      | Reached skill level 1 in Slings
  1803 | D:3      | Reached skill level 1 in Bows
  1803 | D:3      | Reached skill level 1 in Crossbows
  1803 | D:3      | Reached skill level 1 in Stealth
  1803 | D:3      | Reached skill level 1 in Shields
  1803 | D:3      | Reached skill level 1 in Unarmed Combat
  1803 | D:3      | Reached skill level 1 in Evocations
  2094 | D:3      | Reached XP level 4. HP: 31/38 MP: 11/11
  2810 | D:3      | Reached skill level 1 in Conjurations
  2810 | D:3      | Reached skill level 1 in Hexes
  2810 | D:3      | Reached skill level 1 in Summonings
  2810 | D:3      | Reached skill level 1 in Necromancy
  2810 | D:3      | Reached skill level 1 in Transmutations
  2810 | D:3      | Reached skill level 1 in Fire Magic
  2810 | D:3      | Reached skill level 1 in Ice Magic
  2810 | D:3      | Reached skill level 1 in Air Magic
  2810 | D:3      | Reached skill level 1 in Earth Magic
  2810 | D:3      | Reached skill level 1 in Poison Magic
  3011 | D:3      | Noticed a necrophage
  3032 | D:3      | Killed a necrophage
  3033 | D:3      | Reached XP level 5. HP: 29/43 MP: 12/12
  3844 | D:4      | Reached XP level 6. HP: 50/50 MP: 13/13
  3928 | D:4      | Noticed Edmund
  3932 | D:4      | Noticed a black bear
  4071 | D:4      | Reached skill level 5 in Fighting
  4071 | D:4      | Reached skill level 5 in Polearms
  4071 | D:4      | Reached skill level 5 in Dodging
  4634 | D:4      | Killed a black bear
  4635 | D:4      | Reached XP level 7. HP: 56/56 MP: 15/15
  5014 | D:5      | Entered Level 5 of the Dungeon
  5336 | D:4      | Slain by a gnoll

Illustrated notes

Levels and vault maps discovered:
D:1:      dpeg_arrival_arbitrary_c, layout_loops_corners
D:2:      minmay_inner_zag, layout_basic, kennysheep_generic_room_12
D:3:      layout_loops_corners, overflow_temple_1_default, minmay_mini_jars
D:4:      minmay_recursive_quarters, layout_loops_ring, uniq_edmund
D:5:      layout_rooms, mainiacjoe_overflow_chevrons, serial_shops,
          nicolae_shop_window_shopping

Skill      XL: |  1  2  3  4  5  6 |
---------------+-------------------+-----
Spellcasting   | 5 |  5.5
Invocations    | 1 2 |  2.5
Short Blades   | 1 2 |  2.3
Long Blades    | 1 2 |  2.3
Axes           | 1 2 |  2.3
Maces & Flails | 1 2 |  2.3
Staves         | 1 2 |  2.3
Slings         | 1 2 |  2.3
Bows           | 1 2 |  2.3
Crossbows      | 1 2 |  2.3
Stealth        | 1 2 |  2.3
Shields        | 1 2 |  2.3
Unarmed Combat | 1 2 |  2.3
Evocations     | 1 2 |  2.3
Conjurations   | 1 |  1.9
Hexes          | 1 |  1.9
Summonings     | 1 |  1.9
Necromancy     | 1 |  1.9
Transmutations | 1 |  1.9
Fire Magic     | 1 |  1.9
Ice Magic      | 1 |  1.9
Air Magic      | 1 |  1.9
Earth Magic    | 1 |  1.9
Poison Magic   | 1 |  1.9
Throwing       | 3 |  3.5
Armour         | 3 |  3.5
Fighting       | 5 |  5.1
Polearms       | 5 |  5.1
Dodging        | 5 |  5.1
Translocations | |  5.8

Action                   |  1- 3 |  4- 6 |  7- 9 || total
-------------------------+-------+-------+-------++-------
Melee: Spear             |   132 |   197 |    85 ||   414
       Bite              |     9 |    14 |    16 ||    39
       Punch             |       |     3 |     2 ||     5
Throw: Dart              |       |     2 |       ||     2
 Cast: Blink             |       |       |     1 ||     1
Evoke: Wand              |       |     5 |       ||     5
  Use: Potion            |     1 |       |       ||     1
 Stab: Sleeping          |     1 |     1 |       ||     2
Armor: Leather armour    |    22 |    39 |     5 ||    66
Dodge: Dodged            |    47 |   104 |    42 ||   193
Block: Other             |    22 |    30 |    17 ||    69
